 Dungeon Sprint DCSS version 0.29.1-15-g9cfb28693d (webtiles) character file.

Game seed: 2021695251531959955

48 boopmooplesden the Protected (level 7, -2/106 HPs)
             Began as a Minotaur Fighter on Mar 10, 2023.
             Was a Priest of Trog.
             Slain by an ogre
             ... wielding a +0 giant club
              (8 damage)
             ... in the Dungeon (Sprint VI: "Thunderdome").
             The game lasted 00:02:22 (373 turns).

boopmooplesden the Protected (Minotaur Fighter)      Turns: 373, Time: 00:02:23

Health: -2/106     AC: 19    Str: 22    XL:     7   Next: 33%
Magic:  6/6        EV:  8    Int:  7    God:    Trog [***...]
Gold:   25         SH:  6    Dex: 10    Spells: 6/6 levels left

rFire   . . .      SeeInvis +   u - +0 broad axe
rCold   + + +      Faith    .   c - +0 buckler
rNeg    + . .      Spirit   .   s - +0 chain mail
rPois   .          Reflect  .   (helmet restricted)
rElec   +          Harm     .   (no cloak)
rCorr   .          Rampage  .   (no gloves)
Will    .....      NoTele   +   (no boots)
Stlth   ..........              p - amulet "Woovoge" {Acrobat +Blink rElec SInv Stlth+}
HPRegen 0.27/turn               q - ring "Mamionug" {rElec rC+++ AC+4 Slay-4 Stlth+}
MPRegen 0.10/turn               o - ring "Biyralou" {Contam rN+ AC+4 Int+2}

@: berserking, very quick
A: horns 2, retaliatory headbutt
a: Renounce Religion, Evoke Blink, Berserk, Trog's Hand


You were in the Dungeon.
You worshipped Trog.
Trog was most pleased with you.
You visited 1 branch You collected 280 gold pieces.
You spent 255 gold pieces at shops.

Inventory:

Hand Weapons
 a - a +0 war axe
 u - a +0 broad axe (weapon)
Armour
 b - a +0 scale mail
 c - a +0 buckler (worn)
 s - a +0 chain mail (worn)
Jewellery
 o - the ring "Biyralou" (right hand) {Contam rN+ AC+4 Int+2}
   (You bought it in a shop in the Dungeon)

   [ring of protection]

   AC:        It affects your AC (+4).
   Int:       It affects your intelligence (+2).
   rN:        It protects you from negative energy.
   Contam:    It causes magical contamination when unequipped.
 p - the amulet "Woovoge" (around neck) {Acrobat +Blink rElec SInv Stlth+}
   (You bought it in a shop in the Dungeon)

   [amulet of the acrobat]

   It increases your evasion while moving and waiting.
   rElec:     It insulates you from electricity.
   SInv:      It lets you see invisible.
   +Blink:    It lets you blink.
   Stlth:     It makes you more stealthy.
 q - the ring "Mamionug" (left hand) {rElec rC+++ AC+4 Slay-4 Stlth+}
   (You bought it in a shop in the Dungeon)

   [ring of protection]

   AC:        It affects your AC (+4).
   Slay:      It affects your accuracy & damage with ranged weapons and melee
   (-4).
   rC:        It renders you almost immune to cold.
   rElec:     It insulates you from electricity.
   Stlth:     It makes you more stealthy.
Wands
 l - a wand of quicksilver (5)
 m - a wand of roots (5)
Scrolls
 j - 4 scrolls of blinking
 n - 3 scrolls of butterflies
Potions
 d - a potion of might
 e - a potion of curing
 f - 4 potions of heal wounds
 g - 4 potions of haste
 h - 2 potions of magic
 i - a potion of berserk rage
 k - a potion of resistance
 r - a potion of flight {unknown}
 t - a potion of ambrosia {unknown}


   Skills:
 + Level 9.9 Fighting
 + Level 9.5 Axes
 + Level 10.9 Armour
 + Level 2.4 Dodging
 + Level 10.1 Shields


You had 6 spell levels left.
You didn't know any spells.
Your spell library was empty.

Dungeon Overview and Level Annotations

Branches:
Dungeon (1/1)

Altars:
Cheibriados
Dithmenos
Fedhas
Gozag
Kikubaaqudgha
Makhleb
Okawaru
Qazlal
Ru
Sif Muna
Trog
Uskayaw
Vehumet
Wu Jian
Xom
Yredelemnul
Zin
The Shining One
Lugonu

Shops:
D *[??*?*:[((!!!!


Innate Abilities, Weirdness & Mutations

You have a pair of horns on your head.
You reflexively headbutt those who attack you in melee.


Message History

The ogre moves out of view.
There is a staircase leading out of the dungeon here.
The ogre attacks as you move away! The ogre barely misses you.
You furiously retaliate!
You headbutt the ogre, but do no damage.
The ogre attacks as you move away! The ogre hits you but does no damage.
The ogre completely misses you. You furiously retaliate!
You headbutt the ogre. You hit the ogre but do no damage.
The ogre is lightly wounded.
The ogre hits you but does no damage.
You barely miss the ogre.
The ogre is lightly wounded.
The ogre hits you with a +0 giant club!
An orc warrior comes into view. It is wielding a +0 trident.
You barely miss the ogre.
The ogre is lightly wounded.
The orc warrior shouts!
You slash the ogre!
The ogre is heavily wounded.
The ogre hits you with a +0 giant club!
You barely miss the ogre.
The ogre is heavily wounded.
The ogre hits you but does no damage.
You closely miss the ogre.
The ogre is heavily wounded.
The ogre hits you with a +0 giant club!
* * * LOW HITPOINT WARNING * * *
You slash the ogre!
The ogre is almost dead.
You hit the ogre.
The ogre is almost dead.
The ogre hits you with a +0 giant club!
* * * LOW HITPOINT WARNING * * *
You block the orc warrior's attack.
A red film seems to cover your vision as you go berserk!
You feel yourself moving faster!
You feel mighty!
The orc warrior hits you from afar with a +0 trident!
* * * LOW HITPOINT WARNING * * *
The ogre hits you with a +0 giant club!
You die...

#_.†....._# #_......._#
###....[....### #⌠...........⌠#
######.8.......))8.######
##._._......###.......__∩##
###∩.)......8.# #.8........∩###
##.............###..)..........#
#⌠.........÷###@..###..........⌠
#⌠..........# #O<.# #..........⌠
#⌠..........###o..###..........⌠
##.............###.............#
###∩........8.# #.8........∩###
##∩___......###......__.∩##
######.8.........8.######
#⌠...........⌠# ###.........###


You could see an orc warrior and an ogre.

Vanquished Creatures
  A troll (D)
  Sigmund (D)
  An ogre (D)
  A phantom (D)
  2 necrophages (D)
  Terence (D)
  A ball python (D)
  A bat skeleton (D)
  A bat zombie (D)
  2 goblins (D)
12 creatures vanquished.

Notes
Turn   | Place    | Note
-------+----------+-------------------------------------------
     0 | D        | boopmooplesden the Minotaur Fighter began the quest for the
                  | Orb.
     0 | D        | Reached XP level 1. HP: 19/19 MP: 0/0
     3 | D        | Found a bloodstained altar of Trog.
     3 | D        | Found an opulent altar of Gozag.
     4 | D        | Found a shimmering blue altar of Sif Muna.
     5 | D        | Found a blossoming altar of Fedhas.
     5 | D        | Round 1.
     6 | D        | Found an iron altar of Okawaru.
     6 | D        | Found a shadowy altar of Dithmenos.
     6 | D        | Found Micvoico's Identification Station.
     7 | D        | Found Tynoiqa's Jewellery.
     7 | D        | Found Voarivit's Advanced Armour.
    11 | D        | Became a worshipper of Trog the Wrathful
    17 | D        | Bought a twitching ivory ring for 45 gold pieces
    17 | D        | Identified the ring "Biyralou" {Contam rN+ AC+4 Int+2} (You
                  | bought it in a shop in the Dungeon)
    17 | D        | Bought a faintly glowing brass amulet for 45 gold pieces
    17 | D        | Identified the amulet "Woovoge" {Acrobat +Blink rElec SInv
                  | Stlth+} (You bought it in a shop in the Dungeon)
    17 | D        | Bought a warped lead ring for 45 gold pieces
    17 | D        | Identified the ring "Mamionug" {rElec rC+++ AC+4 Slay-4
                  | Stlth+} (You bought it in a shop in the Dungeon)
    29 | D        | Found a shimmering altar of Xom.
    30 | D        | Found Toryak's Magic Scroll Shop.
    31 | D        | Found Siaxeot's Magic Scroll Shop.
    31 | D        | Found Juiri's Must-Have Magic.
    32 | D        | Found a glowing golden altar of the Shining One.
    32 | D        | Found a snail-covered altar of Cheibriados.
    32 | D        | Found an ornate altar of the Wu Jian Council.
    32 | D        | Found Noloneimpie's Staff Store.
    36 | D        | Noticed Terence
    37 | D        | Found a burning altar of Makhleb.
    38 | D        | Found a basalt altar of Yredelemnul.
    39 | D        | Found Xielli's Distillery.
    55 | D        | Killed Terence
    55 | D        | Reached * piety under Trog
    56 | D        | Reached skill level 5 in Fighting
    56 | D        | Reached skill level 5 in Armour
    56 | D        | Reached skill level 5 in Shields
    56 | D        | Reached XP level 2. HP: 8/29 MP: 1/1
    59 | D        | Found Hithrius's Distillery.
    59 | D        | Found Dugriraisu's Bottled Wisdom.
    60 | D        | Found a radiant altar of Vehumet.
    60 | D        | Found a stormy altar of Qazlal.
    60 | D        | Found Waqa's Do-It-Yourself Clinic.
    74 | D        | Noticed Sigmund
    82 | D        | Killed Sigmund
    83 | D        | Reached skill level 5 in Axes
    83 | D        | Reached XP level 3. HP: 22/40 MP: 2/2
    83 | D        | Reached XP level 4. HP: 26/48 MP: 3/3
    83 | D        | Reached XP level 5. HP: 28/53 MP: 4/4
    92 | D        | Reached ** piety under Trog
    92 | D        | Arena points: 12 (+12) [x2]
   106 | D        | Found an ancient bone altar of Kikubaaqudgha.
   107 | D        | Found a glowing silver altar of Zin.
   117 | D        | Round 2.
   121 | D        | Found a hide-covered altar of Uskayaw.
   130 | D        | Found a corrupted altar of Lugonu.
   131 | D        | Found Facoumm's Weapon Rack.
   132 | D        | Found a sacrificial altar of Ru.
   132 | D        | Found Uruaguodd's Premium Goods.
   132 | D        | Found Seepnar's Basic Armour.
   132 | D        | Found Lauhamal's Miscellaneous Merchandise.
   204 | D        | Reached *** piety under Trog
   205 | D        | Reached skill level 1 in Dodging
   205 | D        | Reached XP level 6. HP: 46/62 MP: 5/5
   252 | D        | Arena points: 48 (+36) [x3]
   296 | D        | Bought a +0 broad axe for 120 gold pieces
   305 | D        | Round 3.
   309 | D        | Noticed a troll
   324 | D        | Killed a troll
   325 | D        | Reached skill level 10 in Armour
   325 | D        | Reached XP level 7. HP: 71/71 MP: 6/6
   357 | D        | Reached skill level 10 in Shields
   373 | D        | Slain by an ogre

Illustrated notes

Levels and vault maps discovered:
D:        arena_sprint

Skill      XL: |  1  2  3  4  5  6  7 |
---------------+----------------------+-----
Fighting       | 5 7 8 9 |  9.9
Armour         | 5 8 9 10 | 10.9
Shields        | 5 7 8 9 10 | 10.1
Axes           | 3 5 6 9 |  9.5
Dodging        | 1 2 |  2.4

Action                   |  1- 3 |  4- 6 |  7- 9 || total
-------------------------+-------+-------+-------++-------
Melee: War axe           |    17 |    29 |       ||    46
       Headbutt          |     3 |     6 |     1 ||    10
       Broad axe         |       |     9 |    12 ||    21
Invok: Berserk           |     1 |     1 |     1 ||     3
       Trog's Hand       |       |     1 |       ||     1
Armor: Scale mail        |     7 |       |       ||     7
       Chain mail        |       |    25 |     4 ||    29
Dodge: Dodged            |     7 |    24 |     3 ||    34
Block: Buckler           |     4 |    16 |     1 ||    21
